Map: Blackrock LE

Players

KingKebob

  • Race: Protoss Protoss
  • League: Master
  • Spawn Location: 7:00

RipNHammer - Winner!

  • Race: Terran Terran
  • League: Master
  • Spawn Location: 1:00

VOD

Have the link to the VOD?

Description

Time

  • Played on: Sept. 7, 2026, 1:18 p.m.
  • Length: 12:20
Show
View Real Time Build Order
Export as new Build Order

KingKebob Protoss 

Build Orders:  

Get SALT Encoding   

  8  0:00  Probe (Chrono Boost)  
  9  0:12  Probe (Chrono Boost)  
  10  0:20  Probe (Chrono Boost)  
  11  0:26  Probe  
  12  0:33  Pylon  
  12  0:39  Probe  
  13  0:54  Gateway  
  13  0:57  Probe  
  14  1:09  Probe  
  14  1:10  Assimilator  
  15  1:21  Probe  
  16  1:30  Pylon  
  16  1:33  Probe  
  17  1:45  Probe  
  18  1:47  Cybernetics Core  
  18  1:49  Zealot  
  20  1:58  Probe  
  21  2:07  Pylon  
  21  2:15  Probe  
  22  2:17  Warp Gate (Chrono Boost), Assimilator  
  22  2:23  Stalker  
  23  2:43  Gateway  
  23  2:57  Gateway  
  23  2:58  Stalker  
  25  3:00  Probe  
  26  3:12  Probe  
  27  3:23  Pylon  
  27  3:24  Probe  
  28  3:36  Probe  
  28  3:38  Pylon  
  29  3:52  Stalker x3  
  34  4:00  Shield Battery  
  34  4:14  Probe  
  35  4:22  Sentry x2  
  35  4:24  Stalker  
  41  4:44  Pylon  
  36  5:20  Stalker  
  36  5:21  Stalker x2  
  36  5:43  Sentry x2  
  36  5:45  Probe  
  41  5:56  Stalker  
  27  6:23  Stalker  
  27  6:24  Stalker x2  
  29  6:31  Robotics Facility  
  29  6:39  Nexus  
  29  6:42  Probe (Chrono Boost)  
  29  6:46  Twilight Council  
  31  6:54  Probe (Chrono Boost)  
  31  6:55  Pylon  
  31  7:00  Stalker x2  
  35  7:01  Probe (Chrono Boost)  
  35  7:08  Probe  
  35  7:26  Immortal (Chrono Boost)  
  31  7:32  Shield Battery  
  31  7:33  Shield Battery  
  31  7:36  Sentry  
  33  7:38  Zealot  
  33  7:39  Zealot  
  37  7:59  Stalker  
  37  8:03  Sentry  
  41  8:06  Zealot  
  41  8:08  Probe (Chrono Boost)  
  41  8:10  Probe (Chrono Boost)  
  45  8:18  Probe (Chrono Boost)  
  45  8:19  Probe (Chrono Boost)  
  47  8:23  Stalker, Assimilator, Probe (Chrono Boost)  
  47  8:25  Assimilator  
  50  8:31  Probe  
  51  8:34  Probe  
  52  8:50  Probe (Chrono Boost), Robotics Bay  
  53  9:00  Probe (Chrono Boost)  
  54  9:05  Probe (Chrono Boost)  
  55  9:11  Immortal  
  55  9:16  Probe (Chrono Boost)  
  53  9:26  Probe (Chrono Boost)  
  53  9:31  Probe (Chrono Boost)  
  51  9:38  Stalker x2  
  52  9:50  Zealot  
  54  9:55  Probe (Chrono Boost)  
  56  10:03  Probe (Chrono Boost)  
  56  10:04  Probe (Chrono Boost)  
  56  10:06  Disruptor  
  61  10:08  Stalker x2  
  61  10:09  Probe (Chrono Boost)  
  66  10:19  Charge (Chrono Boost)  
  66  10:20  Pylon  
  66  10:24  Shield Battery  
  66  10:37  Pylon  
  66  10:38  Probe (Chrono Boost)  
  66  10:42  Probe (Chrono Boost)  
  68  10:43  Gateway  
  68  10:45  Gateway  
  68  10:49  Probe (Chrono Boost)  
  69  10:54  Probe (Chrono Boost)  
  70  11:05  Zealot  
  70  11:06  Zealot x2  
  70  11:07  Probe  
  77  11:19  Probe  
  77  11:20  Forge  
  77  11:25  Forge  
  78  11:32  Zealot x2  
  47  12:13  Zealot x3  
Show
View Real Time Build Order
Export as new Build Order

RipNHammer Terran - Winner!

Build Orders:  

Get SALT Encoding   

  8  0:00  SCV  
  9  0:12  SCV  
  10  0:24  SCV  
  11  0:37  SCV  
  11  0:41  Supply Depot  
  12  0:49  SCV  
  13  0:58  Refinery  
  13  1:03  SCV  
  14  1:05  Barracks  
  14  1:15  SCV  
  15  1:27  SCV  
  16  1:39  SCV  
  17  1:52  Orbital Command  
  17  1:53  Reaper  
  18  2:02  Supply Depot  
  18  2:07  Bunker  
  18  2:17  Barracks  
  18  2:20  SCV  
  19  2:27  Marine  
  20  2:32  SCV  
  21  2:43  Barracks  
  22  2:44  SCV  
  22  2:46  Barracks Reactor  
  22  2:56  SCV  
  22  2:57  Supply Depot  
  23  3:06  Barracks Tech Lab  
  23  3:08  SCV  
  24  3:20  SCV  
  24  3:23  Marine x2  
  24  3:26  Marine  
  28  3:27  Stimpack  
  28  3:32  SCV  
  28  3:33  Barracks Tech Lab  
  29  3:44  SCV  
  29  3:46  Supply Depot  
  30  3:54  Marine x2, Combat Shield  
  32  3:56  SCV  
  32  4:02  Bunker  
  33  4:08  SCV  
  33  4:17  Engineering Bay  
  33  4:20  Command Center  
  33  4:21  Marine x2  
  35  4:24  Marine  
  35  4:29  Marauder  
  38  4:35  SCV  
  39  4:39  Marine, Supply Depot  
  39  4:44  Marine  
  41  4:50  Missile Turret  
  41  4:54  Missile Turret  
  43  5:00  Marauder  
  43  5:04  Marine  
  43  5:06  Marine  
  45  5:09  SCV  
  44  5:16  Marauder  
  44  5:20  Marine  
  44  5:30  SCV  
  44  5:32  Refinery  
  42  5:43  Concussive Shells  
  42  5:44  Marauder  
  44  5:55  Marine, Marauder  
  46  6:05  Factory  
  40  6:14  SCV  
  37  6:24  Marine x2, Marauder  
  37  6:25  Marauder  
  41  6:32  Orbital Command  
  41  6:39  SCV  
  42  6:42  Marine  
  42  6:43  Marine  
  42  6:46  Marauder  
  46  6:49  Starport, Factory Reactor  
  46  6:53  Marauder  
  48  6:56  Orbital Command  
  48  7:02  Marine x2  
  48  7:05  SCV  
  48  7:07  Marauder  
  53  7:14  Marauder  
  55  7:17  SCV  
  55  7:19  Marine  
  57  7:25  Marine  
  57  7:28  Marauder  
  57  7:32  Barracks  
  57  7:34  Medivac x2  
  57  7:35  Marine  
  62  7:37  Factory Reactor  
  62  7:42  SCV x2  
  64  7:48  Supply Depot  
  64  7:49  Bunker  
  64  7:51  Terran Infantry Weapons Level 1  
  64  7:54  SCV x2  
  64  7:56  Supply Depot  
  66  8:10  Marine x2  
  66  8:11  Engineering Bay  
  69  8:12  SCV  
  69  8:14  Armory  
  71  8:20  Widow Mine  
  71  8:26  Barracks Reactor  
  71  8:35  SCV x2  
  71  8:38  Terran Infantry Armor Level 1  
  71  8:40  Marine  
  71  8:41  Marauder, Marine  
  77  8:45  Command Center  
  77  8:54  Marine, Supply Depot  
  78  8:58  Marine  
  78  8:59  Marine  
  78  9:01  SCV  
  78  9:02  Marine  
  82  9:16  Marine x3, SCV, Supply Depot, Marauder  
  82  9:17  Marine  
  88  9:34  Marauder  
  86  9:43  Marine x3, Marauder  
  86  9:45  Widow Mine x2, Medivac  
  97  9:48  Supply Depot  
  97  9:53  SCV  
  97  9:57  Supply Depot, SCV, Marauder  
  101  10:05  Refinery x2, SCV  
  102  10:09  SCV, Marine  
  102  10:10  Marauder  
  102  10:12  Medivac  
  108  10:19  Barracks  
  108  10:22  Marine  
  108  10:25  Medivac  
  108  10:27  SCV  
  112  10:29  Marine  
  112  10:30  Widow Mine  
  112  10:32  SCV  
  116  10:37  Marine, Marauder  
  116  10:42  Supply Depot  
  119  10:48  SCV x2  
  121  10:56  Widow Mine, SCV  
  124  10:58  Supply Depot  
  124  11:08  Barracks Reactor  
  124  11:09  Barracks  
  124  11:14  Orbital Command  
  124  11:17  SCV x2  
  126  11:27  Marine, Marauder  
  126  11:28  Liberator  
  126  11:30  Supply Depot  
  132  11:35  Supply Depot  
  132  11:39  SCV x2  
  134  11:50  Marine  
  134  11:51  Marauder  
Tags
 
Matchup
PvT
Replay Pack
RipNHammer
Spawn Locations
Cross Positions
Add a new tag
Caveats
  • Supply blocks, unpowered buildings, or Contaminate may cause inaccurate times.
  • Supply counts are checked every 10 seconds.